PL
ATLANTA SMOKE @ NORTHERN VIRGINIA RAINBOW MERMAIDS
05/01/2031
 
TOP OF THE 1ST
Atlanta Smoke batting - Pitching for Northern Virginia Rainbow Mermaids : RHP Eric Matson
Pitching: RHP Eric Matson
Batting: RHB Chriss Mann 0-0: SINGLE (Groundball, 56D)
Batting: LHB Albert Morán Pickoff Throw to First - Out!
0-0: Ball
1-0: SINGLE (Groundball, 34D)
Batting: SHB Valentín Guzmán 0-0: Ball
1-0: Ball
2-0: Called Strike
2-1: Called Strike
2-2: Strikes out looking
Batting: RHB José Carlos Pérez 0-0: Fly out, F9 (Flyball, 89D)
Top of the 1st over - 0 runs, 2 hits, 0 errors, 1 left on base; Atlanta 0 - Northern Virginia 0
BOTTOM OF THE 1ST
Northern Virginia Rainbow Mermaids batting - Pitching for Atlanta Smoke : RHP Armando Marrero
Pitching: RHP Armando Marrero
Batting: LHB Scott Kerin 0-0: Ball
1-0: Foul Ball, location: 2F
1-1: Foul Ball, location: 2F
1-2: Ball
2-2: Foul Ball, location: 2F
2-2: Ball
3-2: SINGLE (Line Drive, 56D)
Batting: SHB Eustacio Tafalla 0-0: Foul Ball, location: 2F
0-1: TRIPLE (Flyball, 89XD)
Scott Kerin scores
Batting: LHB Kyoji Hakoda 0-0: Ball
1-0: Ball
2-0: Ball
3-0: Base on Balls
Batting: LHB Count Dante 0-0: TRIPLE (Flyball, 8RXD)
Eustacio Tafalla scores
Kyoji Hakoda scores
Batting: SHB Melito Báez 0-0: Ball
1-0: Swinging Strike
1-1: Ball
2-1: Swinging Strike
2-2: Foul Ball, location: 2F
2-2: Strikes out swinging
Batting: LHB Ty Tomblin 0-0: Ball
1-0: Ball
2-0: Ball
3-0: Called Strike
3-1: Called Strike
3-2: Foul Ball, location: 2F
3-2: Ground out U3 (Groundball, 34)
Count Dante scores
Batting: SHB Galtero Suárez 0-0: Ball
1-0: SINGLE (Groundball, 6MD)
Batting: RHB Zahid Kashani 0-0: Called Strike
0-1: Swinging Strike
0-2: Strikes out looking
Bottom of the 1st over - 4 runs, 4 hits, 0 errors, 1 left on base; Atlanta 0 - Northern Virginia 4
TOP OF THE 2ND
Atlanta Smoke batting - Pitching for Northern Virginia Rainbow Mermaids : RHP Eric Matson
Batting: RHB Gabriel Maldonado 0-0: Called Strike
0-1: Ball
1-1: Foul Ball, location: 2F
1-2: Foul Ball, location: 2F
1-2: Foul Ball, location: 2F
1-2: Strikes out swinging
Batting: RHB Bobby Butterfield 0-0: Swinging Strike
0-1: Called Strike
0-2: Strikes out swinging
Batting: RHB Enrique Morales 0-0: Called Strike
0-1: SINGLE (Groundball, 6MD)
Batting: RHB Cristo González 0-0: Ball
1-0: Ball
2-0: Foul Ball, location: 2F
2-1: Swinging Strike
2-2: Strikes out swinging
Top of the 2nd over - 0 runs, 1 hit, 0 errors, 1 left on base; Atlanta 0 - Northern Virginia 4
BOTTOM OF THE 2ND
Northern Virginia Rainbow Mermaids batting - Pitching for Atlanta Smoke : RHP Armando Marrero
Batting: RHB Mike Strickland 0-0: Ball
1-0: Swinging Strike
1-1: Reached via error on a dropped throw, E1
Batting: LHB Scott Kerin 0-0: Called Strike
0-1: Ball
1-1: Called Strike
1-2: Ball
2-2: Foul Ball, location: 2F
2-2: SINGLE (Flyball, 7LS)
Mike Strickland to second
Batting: SHB Eustacio Tafalla 0-0: Ball
1-0: Called Strike
1-1: SINGLE (Flyball, 78S)
Mike Strickland to third
Scott Kerin to second
Runner from 3rd tries for Home, SAFE, no throw
Batting: LHB Kyoji Hakoda 0-0: Ball
1-0: Ball
2-0: Ball
3-0: Called Strike
3-1: Base on Balls
Scott Kerin to third
Eustacio Tafalla to second
Batting: LHB Count Dante 0-0: Ball
1-0: Called Strike
1-1: Ball
2-1: Ball
3-1: Foul Ball, location: 2F
3-2: Foul Ball, location: 2F
3-2: SINGLE (Flyball, 89S)
Scott Kerin scores
Eustacio Tafalla to third
Kyoji Hakoda to second
Batting: SHB Melito Báez 0-0: Fly out, F8 (Flyball, 8RM)
Batting: LHB Ty Tomblin 0-0: Fly out, F6 (Popup, 6MD)
Batting: SHB Galtero Suárez 0-0: Called Strike
0-1: Called Strike
0-2: Ground out 4-3 (Groundball, 4)
Bottom of the 2nd over - 2 runs, 3 hits, 1 error, 3 left on base; Atlanta 0 - Northern Virginia 6
TOP OF THE 3RD
Atlanta Smoke batting - Pitching for Northern Virginia Rainbow Mermaids : RHP Eric Matson
Batting: RHB Pau Arria 0-0: Called Strike
0-1: Ball
1-1: Ball
2-1: Foul Ball, location: 2F
2-2: Ground out 5-3 (Groundball, 56)
Batting: RHB Chriss Mann 0-0: Called Strike
0-1: Ball
1-1: Called Strike
1-2: Ball
2-2: Ball
3-2: Ground out 6-3 (Groundball, 56)
Batting: LHB Albert Morán 0-0: Called Strike
0-1: Ball
1-1: Foul Ball, location: 2F
1-2: Ball
2-2: Strikes out swinging
Top of the 3rd over - 0 runs, 0 hits, 0 errors, 0 left on base; Atlanta 0 - Northern Virginia 6
BOTTOM OF THE 3RD
Northern Virginia Rainbow Mermaids batting - Pitching for Atlanta Smoke : RHP Armando Marrero
Batting: RHB Zahid Kashani 0-0: Ball
1-0: Ball
2-0: Foul Ball, location: 2F
2-1: Called Strike
2-2: Foul Ball, location: 2F
2-2: Ball
3-2: Strikes out swinging
Batting: RHB Mike Strickland 0-0: Called Strike
0-1: Foul Ball, location: 2F
0-2: Ball
1-2: Strikes out swinging
Batting: LHB Scott Kerin 0-0: Fly out, F9 (Line Drive, 9)
Bottom of the 3rd over - 0 runs, 0 hits, 0 errors, 0 left on base; Atlanta 0 - Northern Virginia 6
TOP OF THE 4TH
Atlanta Smoke batting - Pitching for Northern Virginia Rainbow Mermaids : RHP Eric Matson
Batting: SHB Valentín Guzmán 0-0: Ball
1-0: Fly out, F3 (Line Drive, 3S)
Batting: RHB José Carlos Pérez 0-0: Foul Ball, location: 2F
0-1: Ball
1-1: Foul Ball, location: 2F
1-2: Fly out, F7 (Flyball, 7S)
Batting: RHB Gabriel Maldonado 0-0: Ball
1-0: Ground out 5-3 (Groundball, 56)
Top of the 4th over - 0 runs, 0 hits, 0 errors, 0 left on base; Atlanta 0 - Northern Virginia 6
BOTTOM OF THE 4TH
Northern Virginia Rainbow Mermaids batting - Pitching for Atlanta Smoke : RHP Armando Marrero
Batting: SHB Eustacio Tafalla 0-0: Swinging Strike
0-1: Ball
1-1: Fly out, F9 (Flyball, 9LD)
Batting: LHB Kyoji Hakoda 0-0: SOLO HOME RUN (Flyball, 9D), Distance : 392 ft
Batting: LHB Count Dante 0-0: Ball
1-0: Foul Ball, location: 2F
1-1: Fly out, F7 (Flyball, 78M)
Batting: SHB Melito Báez 0-0: Swinging Strike
0-1: Called Strike
0-2: Ball
1-2: Strikes out swinging
Bottom of the 4th over - 1 run, 1 hit, 0 errors, 0 left on base; Atlanta 0 - Northern Virginia 7
TOP OF THE 5TH
Atlanta Smoke batting - Pitching for Northern Virginia Rainbow Mermaids : RHP Eric Matson
Batting: RHB Bobby Butterfield 0-0: Ball
1-0: Called Strike
1-1: Ball
2-1: Ball
3-1: Called Strike
3-2: Strikes out swinging
Batting: RHB Enrique Morales 0-0: Swinging Strike
0-1: Swinging Strike
0-2: Ball
1-2: Ball
2-2: Strikes out swinging
Batting: RHB Cristo González 0-0: Foul Ball, location: 2F
0-1: Ground out 5-3 (Groundball, 56S)
Top of the 5th over - 0 runs, 0 hits, 0 errors, 0 left on base; Atlanta 0 - Northern Virginia 7
BOTTOM OF THE 5TH
Northern Virginia Rainbow Mermaids batting - Pitching for Atlanta Smoke : RHP Armando Marrero
Batting: LHB Ty Tomblin 0-0: Ball
1-0: Called Strike
1-1: Ball
2-1: SINGLE (Groundball, 34D)
Batting: SHB Galtero Suárez 0-0: Called Strike
0-1: Ground out U3 (Groundball, 3)
Ty Tomblin to second
Batting: RHB Zahid Kashani 0-0: Fly out, F8 (Flyball, 8LM)
Batting: RHB Mike Strickland 0-0: Ball
1-0: Called Strike
1-1: Ball
2-1: Ball
3-1: Called Strike
3-2: SINGLE (Groundball, 4MD)
Ty Tomblin to third
Ty Tomblin scores
Batting: LHB Scott Kerin 0-0: Ball
1-0: Called Strike
1-1: Foul Ball, location: 2F
1-2: Foul Ball, location: 2F
1-2: Ground out U3 (Groundball, 3)
Bottom of the 5th over - 1 run, 2 hits, 0 errors, 1 left on base; Atlanta 0 - Northern Virginia 8
TOP OF THE 6TH
Atlanta Smoke batting - Pitching for Northern Virginia Rainbow Mermaids : RHP Eric Matson
Batting: RHB Pau Arria 0-0: Ball
1-0: Called Strike
1-1: Called Strike
1-2: Strikes out swinging
Batting: RHB Chriss Mann 0-0: Ground out 5-3 (Groundball, 56S)
Batting: LHB Albert Morán 0-0: Called Strike
0-1: Ground out 6-3 (Groundball, 6M)
Top of the 6th over - 0 runs, 0 hits, 0 errors, 0 left on base; Atlanta 0 - Northern Virginia 8
BOTTOM OF THE 6TH
Northern Virginia Rainbow Mermaids batting - Pitching for Atlanta Smoke : RHP Armando Marrero
Batting: SHB Eustacio Tafalla 0-0: Foul Ball, location: 2F
0-1: Ball
1-1: Foul Ball, location: 2F
1-2: Ground out 5-3 (Groundball, 5L)
Batting: LHB Kyoji Hakoda 0-0: Ball
1-0: Ball
2-0: Called Strike
2-1: Swinging Strike
2-2: Ball
3-2: Base on Balls
Pitching: RHP Domingo Velasco
Batting: LHB Count Dante 0-0: Ball
1-0: Ball
2-0: Called Strike
2-1: Foul Ball, location: 2F
2-2: Foul Ball, location: 2F
2-2: Ball
3-2: Base on Balls
Kyoji Hakoda to second
Batting: SHB Melito Báez 0-0: Ball
1-0: Fielders Choice at 2nd, 3-6 (Groundball, 34)
Kyoji Hakoda to third
Batting: LHB Ty Tomblin 0-0: Called Strike
0-1: DOUBLE (Line Drive, 78D)
Kyoji Hakoda scores
Melito Báez to third
Runner from 3rd tries for Home, SAFE, no throw
Batting: SHB Galtero Suárez 0-0: Fly out, F7 (Flyball, 78M)
Bottom of the 6th over - 2 runs, 1 hit, 0 errors, 1 left on base; Atlanta 0 - Northern Virginia 10
TOP OF THE 7TH
Atlanta Smoke batting - Pitching for Northern Virginia Rainbow Mermaids : RHP Eric Matson
Batting: SHB Valentín Guzmán 0-0: Ball
1-0: Ball
2-0: Called Strike
2-1: Foul Ball, location: 2F
2-2: Fly out, F9 (Flyball, 9)
Batting: RHB José Carlos Pérez 0-0: Ground out 6-3 (Groundball, 6)
Batting: RHB Gabriel Maldonado 0-0: Called Strike
0-1: Foul Ball, location: 2F
0-2: Ball
1-2: Ground out 5-3 (Groundball, 56)
Top of the 7th over - 0 runs, 0 hits, 0 errors, 0 left on base; Atlanta 0 - Northern Virginia 10
BOTTOM OF THE 7TH
Northern Virginia Rainbow Mermaids batting - Pitching for Atlanta Smoke : RHP Domingo Velasco
Batting: RHB Zahid Kashani 0-0: Swinging Strike
0-1: DOUBLE (Line Drive, 5D)
Batting: RHB Mike Strickland 0-0: Ball
1-0: SINGLE (Groundball, 6MD)
Zahid Kashani to third
Runner from 3rd tries for Home, SAFE, no throw
Batting: LHB Scott Kerin 0-0: Ball
1-0: Called Strike
1-1: Swinging Strike
1-2: Strikes out swinging
Batting: SHB Eustacio Tafalla 0-0: Ball
1-0: Called Strike
1-1: Swinging Strike
1-2: Ball
2-2: Strikes out looking
Batting: LHB Kyoji Hakoda 0-0: Foul Ball, location: 2F
0-1: Ball
1-1: Ball
2-1: Called Strike
2-2: Ball
3-2: SINGLE (Groundball, 4MD)
Mike Strickland to second
Mike Strickland to third
Batting: LHB Count Dante 0-0: Foul Ball, location: 2F
0-1: Foul Ball, location: 2F
0-2: Strikes out swinging
Bottom of the 7th over - 1 run, 3 hits, 0 errors, 2 left on base; Atlanta 0 - Northern Virginia 11
TOP OF THE 8TH
Atlanta Smoke batting - Pitching for Northern Virginia Rainbow Mermaids : RHP Eric Matson
Batting: RHB Bobby Butterfield 0-0: Called Strike
0-1: Ball
1-1: Ball
2-1: Ball
3-1: Swinging Strike
3-2: Base on Balls
Batting: RHB Enrique Morales 0-0: Foul Ball, location: 2F
0-1: Called Strike
0-2: Reached on error, E6 (Groundball, 6)
Bobby Butterfield to second
Batting: RHB Cristo González 0-0: Called Strike
0-1: Swinging Strike
0-2: Ball
1-2: Strikes out looking
Batting: RHB Pau Arria 0-0: Called Strike
0-1: Foul Ball, location: 2F
0-2: Fielders Choice at 2nd, 3-6 (Groundball, 3)
Bobby Butterfield to third
Batting: RHB Chriss Mann 0-0: Ball
1-0: Ball
2-0: Called Strike
2-1: Foul Ball, location: 2F
2-2: Ball
3-2: Foul Ball, location: 2F
3-2: Ground out 5-3 (Groundball, 56S)
Top of the 8th over - 0 runs, 0 hits, 1 error, 2 left on base; Atlanta 0 - Northern Virginia 11
BOTTOM OF THE 8TH
Northern Virginia Rainbow Mermaids batting - Pitching for Atlanta Smoke : RHP Domingo Velasco
Batting: SHB Melito Báez 0-0: Foul Ball, location: 2F
0-1: Ball
1-1: Ball
2-1: Fly out, F9 (Line Drive, 9S)
Batting: LHB Ty Tomblin 0-0: Ball
1-0: SINGLE (Line Drive, 8RS)
Batting: SHB Galtero Suárez 0-0: Ball
1-0: Fly out, F9 (Flyball, 89D)
Batting: RHB Zahid Kashani 0-0: Ball
1-0: SINGLE (Groundball, 56S) (infield hit)
Ty Tomblin to second
Batting: RHB Mike Strickland 0-0: Ball
1-0: Ball
2-0: Ball
3-0: Called Strike
3-1: Foul Ball, location: 2F
3-2: Fly out, F9 (Flyball, 9)
Bottom of the 8th over - 0 runs, 2 hits, 0 errors, 2 left on base; Atlanta 0 - Northern Virginia 11
TOP OF THE 9TH
Atlanta Smoke batting - Pitching for Northern Virginia Rainbow Mermaids : RHP Eric Matson
Pitching: RHP António Alomar
Batting: LHB Albert Morán 0-0: Foul Ball, location: 2F
0-1: Ball
1-1: Ball
2-1: Swinging Strike
2-2: Ball
3-2: Strikes out swinging
Batting: SHB Valentín Guzmán 0-0: Called Strike
0-1: Called Strike
0-2: SOLO HOME RUN (Flyball, 9D), Distance : 369 ft
Batting: RHB José Carlos Pérez 0-0: Foul Ball, location: 2F
0-1: Ground out 5-3 (Groundball, 56S)
Batting: RHB Gabriel Maldonado 0-0: Called Strike
0-1: Ball
1-1: SINGLE (Line Drive, 56D)
Batting: RHB Bobby Butterfield 0-0: Ball
1-0: Ball
2-0: Fly out, F3 (Popup, 3SF)
Top of the 9th over - 1 run, 2 hits, 0 errors, 1 left on base; Atlanta 1 - Northern Virginia 11
Tuesday, June 12th, 2018 - OOTP Baseball 18.8 Build 76